AoeStats
← 焕

Black Forest

509945935Analyzed
2v2 RM · 3d ago on Sep 28, 2026· 18m 11s· 4 players
Game mode
Random Map
Map size
Medium (4 player)
Population
200
Speed
Normal
Resources
Standard
Victory
Conquest
Starting age
Dark Age
Ending age
Imperial Age
RankedLock teamsTeams togetherTeam positionsShared explorationLock speedFull tech treeHidden civsTurbo modeCheats
Victory
Defeat
🇮🇹 Cumans · Italy
1301
+15
🇮🇹 Romans · Italy
1279
+15
🇫🇷 Varangians · France
1276
-15
🇩🇪 Vietnamese · Germany
1264
-15
Grasdackel
2:04 Loom
11:33 Feudal Age
15:34 Castle Age
13:53 Double-Bit Axe
14:29 Horse Collar
15:19 Stone Mining
15:26 Stone Mining
16:02 Gold Mining
16:07 Fletching
17:16 Bodkin Arrow
guillaumegbzh
0:35 Loom
11:52 Feudal Age
16:33 Castle Age
14:50 Double-Bit Axe
15:03 Stone Mining
塔奈花铃
12:06 Feudal Age
14:58 Wheelbarrow
17:57 Horse Collar
焕
8:28 Loom
12:45 Feudal Age
13:58 Horse Collar
14:04 Double-Bit Axe
14:11 Gold Mining
15:20 Scale Mail Armor
15:06 Man-at-Arms
17:09 Gold Mining
18:47 Wheelbarrow
Connection lost

Rejoining the realm…

Still unreachable

The connection could not be restored.

Session expired

The server has moved on; the page needs a fresh start.